AoeStats
← RelevantAnchovy

Arena

509013020Analyzed
4v4 RM · 5d ago on Sep 25, 2026· 49m 24s· 8 players
Game mode
Random Map
Map size
Large (8 player)
Population
200
Speed
Normal
Resources
Standard
Victory
Conquest
Starting age
Dark Age
Ending age
Imperial Age
RankedLock teamsTeams togetherTeam positionsShared explorationLock speedFull tech treeHidden civsTurbo modeCheats
Victory
Defeat
🇺🇸 Varangians · United States
980
+15
🇺🇸 Celts · United States
978
+15
🇺🇸 Poles · United States
964
+15
🇺🇸 Saxons · United States
950
+16
🇺🇸 Varangians · United States
967
-15
🇹🇼 Franks · Taiwan
962
-16
🇺🇸 Varangians · United States
941
-15
🇺🇸 Varangians · United States
940
-15
Bbullet2
10:22 Feudal Age
15:49 Castle Age
14:31 Double-Bit Axe
14:32 Horse Collar
18:40 Bow Saw
22:56 Wheelbarrow
22:26 Loom
23:17 Heavy Plow
24:04 Hand Cart
29:54 Caravan
30:09 Vendel Legacy
31:29 Gold Mining
31:29 Stone Mining
34:16 Bloodlines
34:07 Husbandry
34:21 Forging
34:16 Scale Barding Armor
34:12 Scale Mail Armor
34:04 Fletching
36:52 Imperial Age
34:07 Town Watch
35:06 Town Patrol
36:01 Stone Shaft Mining
35:14 Arson
35:17 Gambesons
35:34 Squires
36:21 Iron Casting
38:15 Conscription
37:19 Gothikon
38:28 Chain Barding Armor
38:24 Chain Mail Armor
38:05 Bodkin Arrow
38:27 Elite Jarl
40:39 Blast Furnace
41:33 Elite Varangian Guard
42:51 Plate Barding Armor
42:54 Plate Mail Armor
44:08 Bracer
44:09 Padded Archer Armor
43:36 Gothikon
MoistBush
8:23 Loom
13:12 Feudal Age
14:04 Double-Bit Axe
14:03 Horse Collar
14:24 Stone Mining
14:24 Gold Mining
18:22 Wheelbarrow
19:15 Town Watch
25:31 Castle Age
25:27 Scale Barding Armor
25:33 Forging
26:02 Bloodlines
28:13 Chain Barding Armor
28:30 Iron Casting
29:08 Hand Cart
30:46 Bow Saw
30:41 Heavy Plow
31:19 Stone Shaft Mining
32:25 Masonry
31:56 Treadmill Crane
33:22 Caravan
34:18 Murder Holes
34:43 Vendel Legacy
35:32 Pikeman
37:03 Husbandry
41:27 Imperial Age
39:52 Scale Mail Armor
41:41 Elite Jarl
42:42 Conscription
43:06 Siege Engineers
44:28 Two-Man Saw
44:48 Halberdier
48:21 Halberdier
50:07 Blast Furnace
49:22 Chain Mail Armor
THR33B3AR
11:54 Feudal Age
12:50 Double-Bit Axe
12:47 Horse Collar
21:08 Castle Age
19:41 Stone Mining
20:13 Scale Mail Armor
20:09 Arson
21:28 Forging
22:16 Heavy Plow
25:14 Bow Saw
26:30 Wheelbarrow
25:49 Town Watch
26:40 Squires
27:31 Gold Mining
30:06 Murder Holes
31:11 Hand Cart
36:32 Imperial Age
34:59 Iron Casting
34:40 Chain Mail Armor
35:09 Pikeman
37:02 Halberdier
38:46 Plate Mail Armor
38:55 Crop Rotation
39:44 Two-Man Saw
北賢龍
4:09 Loom
10:30 Feudal Age
14:30 Castle Age
12:48 Double-Bit Axe
14:07 Stone Mining
16:47 Bow Saw
43:13 Wheelbarrow
44:40 Pikeman
RelevantAnchovy
10:18 Feudal Age
12:26 Loom
14:45 Castle Age
12:51 Double-Bit Axe
12:52 Horse Collar
14:50 Double-Bit Axe
21:22 Bow Saw
21:57 Loom
23:59 Fervor
24:42 Wheelbarrow
24:44 Bloodlines
25:22 Scale Barding Armor
25:28 Forging
26:49 Chain Barding Armor
27:17 Vendel Legacy
28:32 Husbandry
29:25 Pikeman
30:06 Squires
30:09 Scale Mail Armor
31:47 Hand Cart
35:31 Imperial Age
33:12 Fletching
33:39 Chain Mail Armor
34:01 Iron Casting
34:32 Gold Mining
34:36 Stone Mining
35:49 Chain Mail Armor
36:41 Conscription
37:12 Halberdier
37:13 Elite Varangian Guard
37:16 Gothikon
39:09 Cavalier
41:03 Elite Jarl
43:08 Plate Barding Armor
43:34 Blast Furnace
43:04 Plate Mail Armor
47:51 Elite Jarl
ambitious_koala2
12:07 Feudal Age
15:32 Wheelbarrow
14:59 Double-Bit Axe
14:59 Horse Collar
18:17 Castle Age
18:20 Forging
19:27 Bow Saw
23:34 Bloodlines
22:47 Light Cavalry
24:33 Iron Casting
28:25 Szlachta Privileges
30:21 Scale Barding Armor
30:28 Husbandry
32:58 Heavy Plow
33:23 Chain Barding Armor
33:54 Hand Cart
34:21 Loom
40:49 Imperial Age
41:07 Cavalier
42:52 Blast Furnace
42:15 Conscription
42:16 Lechitic Legacy
42:46 Winged Hussar
Jake
10:58 Feudal Age
15:06 Castle Age
14:13 Double-Bit Axe
16:31 Man-at-Arms
16:59 Horse Collar
17:34 Bow Saw
21:31 Wheelbarrow
21:44 Heavy Plow
24:31 Hand Cart
24:40 Long Swordsman
25:06 Gambesons
25:34 Forging
25:24 Scale Mail Armor
25:47 Gold Mining
25:53 Stone Mining
27:29 Iron Casting
27:56 Chain Mail Armor
29:09 Gold Shaft Mining
29:10 Stone Shaft Mining
28:49 Loom
29:52 Pikeman
33:01 Fletching
34:42 Arson
38:41 Imperial Age
38:27 Stronghold
38:36 Bodkin Arrow
39:39 Furor Celtica
39:51 Conscription
39:31 Capped Ram
40:51 Two-Handed Swordsman
42:34 Blast Furnace
42:04 Plate Mail Armor
41:45 Siege Engineers
42:02 Ballistics
42:43 Chemistry
41:54 Fortified Wall
41:08 Siege Ram
41:51 Champion
43:42 Halberdier
45:48 Hoardings
45:25 Masonry
45:11 Murder Holes
zackdh9
10:29 Feudal Age
14:36 Castle Age
13:16 Double-Bit Axe
15:26 Horse Collar
19:59 Arson
25:54 Gold Mining
25:54 Stone Mining
26:18 Bow Saw
26:51 Pikeman
28:15 Forging
28:05 Scale Mail Armor
28:54 Heavy Plow
30:56 Treadmill Crane
31:30 Masonry
34:14 Wheelbarrow
34:54 Gambesons
35:10 Squires
36:25 Fletching
36:09 Clerical Recruitment
40:37 Imperial Age
39:36 Iron Casting
39:16 Chain Mail Armor
41:55 Theocracy
41:40 Block Printing
41:56 Illumination
42:00 Sanctity
42:20 Guilds
43:28 Two-Man Saw
43:00 Crop Rotation
43:07 Gold Shaft Mining
42:50 Hand Cart
42:21 Loom
43:11 Redemption
42:59 Shield Wall
45:53 Halberdier
47:01 Chain Mail Armor
Connection lost

Rejoining the realm…

Still unreachable

The connection could not be restored.

Session expired

The server has moved on; the page needs a fresh start.